cohdb
Replays
Latest Replays
All Replays
Popular Replays
Top Player Replays
Match Explorer
How It Works
Community
CoH3 Stats
Reddit
Sign in to upload your games and track your stats! →
Sign in with Steam
Match 45961257
Unlisted
Match 45961257
Overview
Messages
Build Orders
End
Kradschützen Motorcycle Team
Selects Panzerjäger Kommand Battlegroup
Selects Blockade Equipment
Kradschützen Motorcycle Team
Kradschützen Motorcycle Team
250 Light Carrier
Construct Light Support Kompanie
Assault Grenadier Squad
Assault Grenadier Squad
Selects Tank Busters
Assault Mechanized Group
2.5-tonne Medical Truck
Panzerjäger Squad
Construct Mechanized Kompanie
missshhhck
свитлана
DebaKLeTV
【POW】够得到的钟摆
0
0
Comments
sign in to comment!
No comments posted yet!